 Dungeon Crawl Stone Soup version 0.17-a0-1139-g49cbdf8 (webtiles) character file.

331 Kisielow the Poker (level 6, -2/44 HPs)
             Began as a Merfolk Skald on May 26, 2015.
             Slain by an orc priest (3 damage)
             ... on level 4 of the Dungeon.
             The game lasted 00:12:34 (4769 turns).

Kisielow the Poker (Merfolk Skald)                  Turns: 4769, Time: 00:12:34

Health: -2/44      AC:  4    Str: 13    XL:     6   Next: 52%
Magic:  9/9        EV: 15    Int: 16    God:
Gold:   198        SH:  0    Dex: 15    Spells: 3 memorised, 3 levels left

rFire  . . .     SeeInvis .     a - +0 spear
rCold  . . .     Clarity  .     b - +0 leather armour
rNeg   . . .     SustAt   .     (no shield)
rPois  .         Gourm    .     (no helmet)
rElec  .         Spirit   .     (no cloak)
rCorr  .         Warding  .     (no gloves)
rMut   .         Stasis   .     w - +0 pair of boots
MR     .....                    (no amulet)
Stlth  +.........               (no ring)
                                (no ring)

@: brilliant, very slightly contaminated, hasted, very quick, not resistant to
hostile enchantments, very unstealthy
A: change form in water, swift swim
a: no special abilities


You were on level 4 of the Dungeon.
You were very hungry.

You visited 1 branch of the dungeon, and saw 4 of its levels.

You collected 198 gold pieces.

Inventory:

Hand weapons
 a - a +0 spear (weapon)
Armour
 b - a +0 leather armour (worn)
 w - a +0 pair of boots (worn)
Jewellery
 e - an uncursed amulet of clarity {unknown}
 h - a +4 ring of intelligence {unknown}
 k - a cursed ring of teleportation {unknown}
Scrolls
 f - a scroll of fog {unknown}
 i - 4 scrolls of identify {unknown}
 l - 2 scrolls of blinking {unknown}
 m - 3 scrolls of recharging {unknown}
 o - a scroll of random uselessness {unknown}
 q - a scroll of teleportation {unknown}
 y - a scroll of remove curse {unknown}
 A - a scroll of magic mapping {unknown}
 B - a scroll of enchant armour {unknown}
Potions
 g - a potion of heal wounds {unknown}
 p - a potion of haste
 t - a potion of lignification {unknown}
 v - a potion of cure mutation {unknown}
 x - a potion of curing
 z - a potion of might
Books
 c - a book of Battle

   Spells                             Type                      Level
   a - Infusion                       Charms                       1
   b - Shroud of Golubria             Charms/Translocation         2
   c - Song of Slaying                Charms                       2
   d - Spectral Weapon                Hexes/Charms                 3
   e - Regeneration                   Charms/Necromancy            3
Comestibles
 d - 7 bread rations
 j - a beef jerky
 n - a meat ration
 r - a royal jelly
 s - 2 chunks of flesh
 u - 4 fruits


   Skills:
 * Level 2.1 Fighting
 - Level 7.0 Polearms
 - Level 0.6 Armour
 - Level 6.1 Dodging
 - Level 2.0 Spellcasting
 - Level 3.2 Charms


You had 3 spell levels left.
You knew the following spells:

 Your Spells              Type           Power        Failure   Level  Hunger
e - Shroud of Golubria    Chrm/Tloc      ###.......   2%          2    ###....
q - Infusion              Chrm           ###...       1%          1    #......
w - Regeneration          Chrm/Necr      ###.......   5%          3    ###....


Dungeon Overview and Level Annotations

Branches:
Dungeon (4/15)
 Temple: D:4-7

Altars:
Qazlal
Trog

Shops:
D:4 *

Annotations:
D:3 Mulkerokala's ghost, average GrFi


Message History

You hit the orc priest but do no damage.
The orc priest mumbles some strange prayers to Beogh against you.
Something smites you!
* * * LOW HITPOINT WARNING * * *
You hit the orc priest.
The orc priest is moderately wounded.
The orc misses you.
The orc priest glows brightly for a moment.
You hit the orc priest but do no damage.
The orc priest is moderately wounded.
A jackal comes into view.
Drink which item? (? for menu, Esc to quit)
It was a potion of haste.
You feel yourself speed up. The orc priest barely misses you.
The orc misses you.
You are very lightly contaminated with residual magic.
Drink which item? (? for menu, Esc to quit)
It was a potion of brilliance.
You feel clever all of a sudden. The orc priest hits you.
You die...

#.# #.###...# ##.## #.# #.# #####
#.# ###.### #.# #(#
#.....######.#### ##)##
#.#.#.##........# ##.).##
##.....##.#...##.# ##.....##
#...#..##.#...#..# ##.......##
#####....##.##.#...####.........#
#⌠####..........@.....h.........'
≈≈≈≈##...#.....[oo.####.........#
..§≈⌠#..##.###†##.## ##.......##
_.§§##.###.# #.##.## ##.....##
..§≈⌠#.....##.#....# ##...##
.≈≈≈##.#######.##.## ##'##
'####≈.# ## #.# #.# .§≈≈≈≈.# #.#
#.# ### .#####.# #.# ##.###..


You could see an orc priest, an orc and a jackal (wandering).

Vanquished Creatures
  A hound (D:4)
  2 orc priests (D:4)
  An orc wizard (D:4)
  2 worker ants (D:4)
  7 adders
  A gnoll (D:1)
  2 oozes
  An adder skeleton (D:4)
  A giant gecko (D:4)
  7 orcs (D:4)
  A ball python (D:2)
  4 giant cockroaches
  9 goblins
  13 hobgoblins
  5 jackals
  7 kobolds
  4 quokkas
  8 bats
  3 giant newts
  13 rats
92 creatures vanquished.

Vanquished Creatures (others)
  A giant newt (D:2)
1 creature vanquished.

Grand Total: 93 creatures vanquished

Notes
Turn   | Place    | Note
--------------------------------------------------------------
     0 | D:1      | Kisielow the Merfolk Skald began the quest for the Orb.
     0 | D:1      | Reached XP level 1. HP: 16/16 MP: 3/3
   209 | D:1      | Reached skill level 4 in Polearms
   209 | D:1      | Reached XP level 2. HP: 19/22 MP: 5/5
   638 | D:1      | Reached skill level 5 in Polearms
   638 | D:1      | Reached XP level 3. HP: 22/27 MP: 2/6
   645 | D:1      | Learned a level 3 spell: Regeneration
   648 | D:1      | Learned a level 2 spell: Shroud of Golubria
  1172 | D:2      | Reached skill level 6 in Polearms
  1428 | D:2      | Reached XP level 4. HP: 31/33 MP: 4/7
  2395 | D:2      | Found a stormy altar of Qazlal.
  2481 | D:2      | Reached skill level 7 in Polearms
  2918 | D:3      | Noticed Mulkerokala's ghost (average GrFi)
  3000 | D:4      | Reached XP level 5. HP: 35/38 MP: 1/8
  3827 | D:4      | Reached XP level 6. HP: 28/44 MP: 5/9
  3849 | D:4      | Reached skill level 5 in Dodging
  4235 | D:4      | Found a bloodstained altar of Trog.
  4448 | D:4      | Found Nogosyem's General Store.
  4765 | D:4      | HP: 1/44 [orc priest/divine providence (9)]
  4769 | D:4      | Slain by an orc priest

Vault maps used:
D:1:      minmay_arrival_four_loops
D:2:      lemuel_upstairs_altar, nicolae_qazlal_eye_of_the_storm
D:3:      first_bread
D:4:      lightli_temple_of_fire, serial_shops, nicolae_shop_behind_doors,
          minmay_misc_feat_nine_boxes

Action                   |  1- 3 |  4- 6 || total
-------------------------+-------+-------++-------
Melee: Spear             |   127 |   406 ||   533
 Cast: Infusion          |     6 |     2 ||     8
       Shroud of Golubri |     1 |    12 ||    13
  Use: Potion            |       |     8 ||     8
 Stab: Sleeping          |       |     3 ||     3
  Eat: Chunk             |       |    13 ||    13
